AoeStats
← Groove8733

Arabia

510488623Analyzed
1v1 RM · 11h ago on Oct 1, 2026· 26m 37s· 2 players
Game mode
Random Map
Map size
Tiny (2 player)
Population
200
Speed
Normal
Resources
Standard
Victory
Conquest
Starting age
Dark Age
Ending age
Imperial Age
RankedLock teamsTeams togetherTeam positionsShared explorationLock speedFull tech treeHidden civsTurbo modeCheats
Victory
Defeat
🇺🇸 Franks · United States
467
+15
🇦🇺 Bohemians · Australia
442
-15
Groove8733
3:58 Loom
10:18 Feudal Age
15:04 Horse Collar
22:02 Castle Age
20:30 Double-Bit Axe
21:42 Wheelbarrow
Tatertothaha
11:07 Feudal Age
12:26 Double-Bit Axe
16:12 Wheelbarrow
20:48 Castle Age
22:28 Husbandry
24:35 Scale Barding Armor
24:36 Stone Mining
25:41 Gold Mining
Connection lost

Rejoining the realm…

Still unreachable

The connection could not be restored.

Session expired

The server has moved on; the page needs a fresh start.